 Dungeon Crawl Stone Soup version 0.28-a0-1404-g4df0f3684d (webtiles) character file.

Game seed: 1812739993581972880

3 HallandMoats the Grave Robber (level 1, 0/12 (15) HPs)
             Began as a Deep Dwarf Necromancer on Jan 5, 2022.
             Slain by a goblin (3 damage)
             ... on level 1 of the Dungeon.
             The game lasted 00:00:16 (94 turns).

HallandMoats the Grave Robber (DDNe)                  Turns: 94, Time: 00:00:17

HP:   0/12 (15)     AC:  2    Str: 11    XL:     1   Next: 41%
MP:   3/3           EV: 12    Int: 15    God:
Gold: 8             SH:  0    Dex: 13    Spells: 2/3 levels left

rFire   . . .      SeeInvis .   (no weapon)
rCold   . . .      Faith    .   (no shield)
rNeg    . . .      Spirit   .   a - +0 robe
rPois   .          Reflect  .   (no helmet)
rElec   .          Harm     .   (no cloak)
rCorr   .          Rampage  .   (no gloves)
Will    .....                   (no boots)
Stlth   ++........              (no amulet)
HPRegen 0.00/turn               (no ring)
MPRegen 0.08/turn               (no ring)

@: heavily drained
A: damage resistance, heal wounds, sense surroundings 1, no regeneration
a: Heal Wounds


You were on level 1 of the Dungeon.
You visited 1 branch of the dungeon, and saw 1 of its levels.

You collected 8 gold pieces.

Inventory:

Armour
 a - a +0 robe (worn)
Scrolls
 b - a scroll of vulnerability {unknown}


   Skills:
 + Level 2.2 Dodging
 + Level 2.5 Stealth
 + Level 1.8 Spellcasting
 + Level 4.4 Necromancy


You had 2 spell levels left.
You knew the following spells:

 Your Spells              Type           Power      Damage    Failure   Level
a - Pain                  Necr           56%        1d6       3%          1

Your spell library contained the following spells:

 Spells                   Type           Power      Damage    Failure   Level
 Animate Skeleton         Necr           28%        N/A       3%          1
 Vampiric Draining        Necr           14%        2d7       11%         3
 Animate Dead             Necr           7%         N/A       36%         4
 Agony                    Necr           14%        N/A       71%         5


Dungeon Overview and Level Annotations

Branches:
Dungeon (1/15)

Altars:


Innate Abilities, Weirdness & Mutations

You are resistant to damage.
You can heal yourself by infusing magical energy.
You passively map a small area around you.
You do not regenerate.


Message History

The endoplasm hits you.
You hit the endoplasm.
The endoplasm is moderately wounded.
The endoplasm barely misses you.
You hit the endoplasm but do no damage.
The endoplasm is moderately wounded.
The endoplasm freezes you.
You are frozen.
You hit the endoplasm but do no damage.
The endoplasm is moderately wounded.
The endoplasm hits you.
You hit the endoplasm.
The endoplasm is severely wounded.
The endoplasm freezes you.
You are frozen.
You hit the endoplasm but do no damage.
The endoplasm is severely wounded.
The endoplasm freezes you.
You are frozen.
* * * LOW HITPOINT WARNING * * *
You barely miss the endoplasm.
The endoplasm is severely wounded.
The endoplasm freezes you.
You are frozen.
* * * LOW HITPOINT WARNING * * *
You hit the endoplasm.
You kill the endoplasm!
You hit the goblin but do no damage.
The goblin hits you with a +1 dagger of draining.
You feel drained.
You closely miss the goblin.
The goblin hits you with a +1 dagger of draining.
You feel drained.
You hit the goblin.
The goblin is heavily wounded.
The goblin hits you but does no damage.
You feel drained.
You hit the goblin.
The goblin is severely wounded.
The goblin hits you with a +1 dagger of draining.
You die...

..........##
...........#
...........#
...........# *
..#####....# # * .*
#....# #. , ..#, *
#....# #.####.##.#
###....# #..@g.#....
#.......
##..##.####,#.......
#...#...$#.#.......
#.#.#.....,#.......
#.#.#.#.####.......
#.#.......†........
#......#####.......
######## #.......
#.......


You could see a goblin.

Vanquished Creatures
  An endoplasm (D:1)
  A quokka (D:1)
  A rat (D:1)
3 creatures vanquished.

Notes
Turn   | Place    | Note
-------+----------+-------------------------------------------
     0 | D:1      | HallandMoats the Deep Dwarf Necromancer began the quest for
                  | the Orb.
     0 | D:1      | Reached XP level 1. HP: 15/15 MP: 3/3
    94 | D:1      | Slain by a goblin

Illustrated notes

Levels and vault maps discovered:
D:1:      matt_arrival_spirals, layout_basic, serial_rivers,
          chequers_serial_rivers_room_b, chequers_serial_rivers_small_b,
          chequers_serial_rivers_micro_b, chequers_serial_rivers_micro_e,
          chequers_serial_rivers_marsh, minmay_pentomino_q4

Action                   || total
-------------------------++-------
Melee: Unarmed           ||    33
Armor: Robe              ||     2
Dodge: Dodged            ||    16

Table legend: (Time is in decaauts)
 A = Elapsed time spent in this place.
 B = Non-inter-level travel time spent in this place.
 C = Inter-level travel time spent in this place.
 D = Time resting spent in this place.
 E = Time spent auto-exploring this place.
 F = Levels seen in this place.
 G = Mean time per level.
                   A        B        C        D        E       F      G
               +--------+--------+--------+--------+--------+-----+--------+
         Total |     94 |     94 |      0 |      0 |     45 |   1 |   94.0 |
       Dungeon |     94 |     94 |      0 |      0 |     45 |   1 |   94.0 |
               +--------+--------+--------+--------+--------+-----+--------+

Top non-repeatable levels by time:
     D:1: 94 daAuts
